 BcadrenCrawl: Boulder Brew version 0.03.3.1-31-gd4c2611de9 (webtiles) character file.

Game seed: 12916390372658473376, levelgen mode: deterministic

103 Lanoc the Twirler (level 4, 0/33 HPs) Lignifite Monk. Began on Mar 18, 2021. Slain by a big kobold ... wielding a +0 short sword (3 damage) ... on level 1 of the Dungeon. The game lasted 00:01:52 (439 turns).

Lanoc the Twirler (Lignifite Monk)                   Turns: 439, Time: 00:01:52

Health: 0/33       AC:  1    Str: 18    XL:     4 ^: 48
Magic:  5/5        EV: 17    Int: 11    God:
Gold:   16         SH:  2    Dex: 10    Spells: 3/3 levels left

rFire    x . .     Vision   .   a - +0 mace
rCold    . . .     Gourm    .   (weapon restricted)
rNeg     . . .     Faith    .   b - +0 robe
rPois    +         Spirit   .   (helmet restricted)
rElec    .         Reflect  .   (no cloak)
rCorr    .         Harm     .   (gloves unavailable)
MR       .....                  (boots unavailable)
Stlth    +++.......             (no amulet)
HPRegen  0.21/turn              h - ring of stealth
MPRegen  0.15/turn              (no ring)

@: very quick
A: very small, rF-, deformed body, speed 3, poison resistance, slow metabolism
1, torment resistance, plant, rot immunity
a: no special abilities


You were on level 1 of the Dungeon.
You were not hungry.

You visited 1 branch of the dungeon, and saw 2 of its levels.

You collected 16 gold pieces.

Inventory:

Weapons
 a - a +0 mace (weapon) Shields
 i - a +0 heater shield
Armour
 b - a +0 robe (worn)
Jewellery
 h - a ring of stealth (left hand)
Scrolls
 d - a scroll of teleportation
 e - a scroll of fog
 f - a scroll of enchantment
Potions
 g - a potion of curing
Comestibles
 c - a ration


   Skills:
 + Level 3.6 Fighting
 * Level 4.8 Maces & Staves
 + Level 3.3 Dodging
 - Level 1.7 Stealth


You had 3 spell levels left.
You didn't know any spells.
Your spell library was empty.

Dungeon Overview and Level Annotations

Branches:
Dungeon (2/8)

Altars:


Innate Abilities, Weirdness & Mutations

Your woody flesh burns easily. (rF-)
A tangle of shorter branches protects your body from attack. (+2 SH)
You are very small and have problems with some larger weapons.
You are too small for most types of armour.
Armour fits poorly on your strangely shaped body.
You cover ground extremely quickly.
Your system is resistant to poisons. (rPois)
You have a slow metabolism.
You are immune to unholy pain and torment.
You require very little carbon dioxide to survive.
You are immune to rotting.


Message History

The kobold hits you but does no damage.
The kobold splashes around in the water.
The big kobold completely misses you (0).
The kobold misses you (0).
You hit the kobold but do no damage. You miss the kobold.
The kobold is healthy. (3/3) HP The kobold splashes around in the water.
The kobold hits you with a +0 club (6).
The big kobold splashes around in the water.
The kobold hits you (3).
You closely miss the kobold. You hit the kobold (3).
You kill the kobold!
The kobold misses you (0).
The big kobold splashes around in the water.
The kobold hits you with a +0 club (2).
* * * LOW HITPOINT WARNING * * *
The kobold hits you with a +0 whip (5).
* * * LOW HITPOINT WARNING * * *
The big kobold hits you with a +0 short sword (3).
You die...

. ...# #. ..# #.# #.#
#..###.#######
##...##.......
###..#..#...#.##
....#.#........## #
#...#.......K##.#
#####.#######..†@K.#
≈#.......#≈≈#..##K.##
#.........#≈#.........
...........##..##..##.#
............#..##..# #
............##.....# #
............#.#....##.#
.....<.........#......#
............#.#....# #


You could see a big kobold and 2 kobolds.

Vanquished Creatures
  2 jellies
  A giant cockroach (D:1)
  2 cinder newts (D:1)
  A dart slug (D:1)
  3 goblins (D:1)
  3 kobolds (D:1)
  3 ball pythons
  3 bats (D:1)
  3 rats (D:1)
21 creatures vanquished.

Vanquished Creatures (others)
  7 withered plants (D:2)
7 creatures vanquished.

Grand Total: 28 creatures vanquished

Notes
Turn   | Place    | Note
-------+----------+-------------------------------------------
     0 | D:1      | Lanoc the Lignifite Monk began the quest for the Orb.
     0 | D:1      | Reached XP level 1. HP: 16/16 MP: 2/2
    23 | D:1      | Reached XP level 2. HP: 21/21 MP: 3/3
   108 | D:1      | Reached skill level 4 in Maces & Staves
   108 | D:1      | Reached XP level 3. HP: 26/26 MP: 4/4
   230 | D:1      | Reached XP level 4. HP: 9/31 MP: 5/5
   351 | D:2      | Noticed a big kobold
   439 | D:1      | Slain by a big kobold

Levels and vault maps discovered:
D:1:      psy_arrival_dodecagon, layout_loops_ring, portal_sewer_entry_d
D:2:      layout_sewer, minmay_misc_feat_encased, minivault_25, uniq_jessica

Skill      XL: |  1  2 |
---------------+-------+-----
Dodging        | 3 |  3.3
Maces & Staves | 4 |  4.8
Fighting       | |  3.6
Stealth        | |  1.7

Action                   |  1- 3 |  4- 6 || total
-------------------------+-------+-------++-------
Melee: Mace              |    31 |    10 ||    41
       Unarmed           |    15 |     8 ||    23
 Stab: Sleeping          |     1 |       ||     1
Armor: Robe              |     1 |     1 ||     2
Dodge: Dodged            |    29 |    12 ||    41
Block: Other             |     2 |     1 ||     3
